 Dungeon Crawl Stone Soup version 0.28.0 (webtiles) character file.

Game seed: 4202506297393487561

464 greynaab the Basher (level 7, -2/57 HPs)
             Began as a Hill Orc Monk on Feb 13, 2022.
             Slain by an ogre (16 damage)
             ... on level 5 of the Dungeon.
             The game lasted 00:16:03 (5089 turns).

greynaab the Basher (Hill Orc Monk)                 Turns: 5089, Time: 00:16:04

Health: -2/57      AC:  6    Str: 16    XL:     7   Next: 8%
Magic:  7/7        EV: 12    Int: 10    God:
Gold:   206        SH:  0    Dex: 13    Spells: 6/6 levels left

rFire   . . .      SeeInvis .   b - +7 club
rCold   . . .      Faith    .   s - orb {light}
rNeg    . . .      Spirit   .   w - +2 leather armour {Will+}
rPois   .          Reflect  .   (no helmet)
rElec   .          Harm     .   (no cloak)
rCorr   .          Rampage  .   c - +0 pair of gloves
Will    +....                   (no boots)
Stlth   +.........              r - amulet of magic regeneration
HPRegen 0.19/turn               q - ring of flight
MPRegen 0.50/turn               (no ring)

@: flying, glowing
A: no striking features
a: no special abilities


You were on level 5 of the Dungeon.
You visited 1 branch of the dungeon, and saw 5 of its levels.
You also visited: Sewer.

You collected 206 gold pieces.

Inventory:

Hand Weapons
 a - a +0 flail
 b - a +7 club (weapon)
 t - a +0 war axe
Missiles
 e - a throwing net
 o - 111 stones (quivered)
Armour
 c - a +0 pair of gloves (worn)
 s - an orb of light (worn)
 w - a +2 leather armour of willpower (worn)
Jewellery
 q - a ring of flight (left hand)
 r - an amulet of magic regeneration (around neck)
Scrolls
 j - a scroll of blinking
 k - 2 scrolls of teleportation
 l - 2 scrolls of fog
 u - a scroll of vulnerability
Potions
 d - 3 potions of attraction
 h - a potion of invisibility
 i - a potion of haste {unknown}
 m - a potion of magic {unknown}
 p - 2 potions of heal wounds {unknown}
 v - a potion of degeneration {unknown}


   Skills:
 - Level 3.6 Fighting
 + Level 8.5 Maces & Flails
 - Level 2.4 Dodging
 - Level 1.5 Stealth


You had 6 spell levels left.
You didn't know any spells.
Your spell library contained the following spells:

 Spells                   Type           Power      Damage    Failure   Level
 Pain                     Necr           0%         1d4       43%         1
 Corpse Rot               Necr/Air       0%         N/A       56%         2
 Dispel Undead            Necr           0%         3d6       99%         4
 Agony                    Necr           0%         N/A       100%        5
 Excruciating Wounds      Necr           0%         N/A       100%        5
 Death Channel            Necr           0%         N/A       100%        6


Dungeon Overview and Level Annotations

Branches:
Dungeon (5/15)              Sewer (visited)
 Temple: D:4-7

Altars:
Ru

Shops:
D:1 =


Message History

You hear the hiss of flowing sand.
There is an entrance to an ossuary on this level.
Hurry and find it before the portal is buried!
There is a stone staircase leading up, spattered with blood here.
Found 14 gold pieces.
A centaur skeleton comes into view.
The centaur skeleton moves out of view.
An ogre comes into view. It is wielding a +0 giant spiked club.
The ogre shouts!
The centaur skeleton hits you but does no damage.
The centaur skeleton kicks you but does no damage.
You sock the centaur skeleton!
The centaur skeleton is moderately damaged.
The centaur skeleton hits you but does no damage.
The centaur skeleton closely misses you.
You sock the centaur skeleton!
The centaur skeleton is severely damaged.
The centaur skeleton hits you.
The centaur skeleton barely misses you. x2
The centaur skeleton kicks you but does no damage.
You hit the centaur skeleton.
The centaur skeleton is severely damaged.
The centaur skeleton hits you.
The centaur skeleton kicks you but does no damage.
You thump the centaur skeleton!
You destroy the centaur skeleton!
You hit the ogre.
The ogre is lightly wounded.
The ogre hits you with a +0 giant spiked club!
You are too injured to fight recklessly!
You are too injured to fight recklessly!
You are too injured to fight recklessly!
You sock the ogre!
The ogre is heavily wounded.
The ogre hits you with a +0 giant spiked club!
* * * LOW HITPOINT WARNING * * *
You sock the ogre!
The ogre is almost dead.
You hit the ogre.
The ogre is almost dead.
The ogre hits you with a +0 giant spiked club!
You die...

#.... . #.... ..#....
..### ... .......
....### ....
.......###....######....
.......#...............
#...O........#......
#@###........###
.####..##..........#
...............<....#
......$.....#..........
.#..........#..........
#.....................
##..###..##.#.........
#.# ##.##........... #.
..##.........##


You could see an ogre.

Vanquished Creatures
  An ogre (D:4)
  A water moccasin skeleton (D:4)
  A centaur skeleton (D:5)
  Jessica (D:3)
  2 iguanas (D:4)
  8 adders
  A howler monkey skeleton (D:4)
  2 river rats (D:4)
  A worm (D:2)
  12 dart slugs
  7 orcs
  6 endoplasms
  5 giant cockroaches
  3 goblins
  5 hobgoblins
  9 jackals
  3 quokkas (D:1)
  10 ball pythons
  5 bats
  4 frilled lizards
  4 kobolds
  8 rats
99 creatures vanquished.

Notes
Turn   | Place    | Note
-------+----------+-------------------------------------------
     0 | D:1      | greynaab the Hill Orc Monk began the quest for the Orb.
     0 | D:1      | Reached XP level 1. HP: 19/19 MP: 1/1
    92 | D:1      | Found Itsel's Jewellery Boutique.
   201 | D:1      | Reached XP level 2. HP: 26/26 MP: 2/2
   207 | D:1      | You fall into a shaft and drop 1 floor!
   218 | D:2      | Reached skill level 4 in Maces & Flails
   683 | D:1      | Reached XP level 3. HP: 30/31 MP: 3/3
  1306 | D:1      | Found a faded altar of an unknown god.
  1487 | D:2      | Reached skill level 5 in Maces & Flails
  1990 | D:3      | Reached XP level 4. HP: 35/39 MP: 4/4
  2114 | D:4      | Found a glowing drain.
  2307 | Sewer    | Entered a sewer
  2569 | Sewer    | Noticed Pargi
  2610 | D:4      | Reached skill level 6 in Maces & Flails
  2610 | D:4      | Reached XP level 5. HP: 31/45 MP: 5/5
  3398 | D:3      | Noticed Jessica
  3404 | D:3      | Killed Jessica
  3647 | D:3      | Reached skill level 7 in Maces & Flails
  3651 | D:3      | Found a sacrificial altar of Ru.
  3855 | D:3      | Noticed an ogre
  3924 | D:4      | Reached XP level 6. HP: 51/51 MP: 6/6
  4941 | D:5      | Entered Level 5 of the Dungeon
  4941 | D:5      | Noticed a water moccasin
  4984 | D:5      | Noticed a wraith
  5055 | D:4      | Reached skill level 8 in Maces & Flails
  5070 | D:4      | Reached XP level 7. HP: 37/57 MP: 7/7
  5089 | D:5      | Slain by an ogre

Illustrated notes

Levels and vault maps discovered:
D:1:      minmay_arrival_solitary_statue, layout_basic, basic_ecumenical_altar,
          serial_shops, nicolae_shop_waterfront
D:2:      layout_basic, chequers_serial_rivers_micro_c,
          chequers_serial_rivers_small_a, grunt_ministairs_1, minivault_25
D:3:      wad_crossroads, layout_basic, old_standard_altar, uniq_jessica
D:4:      kennysheep_slugbush, layout_basic, portal_sewer_entry_c, hex_large,
          nicolae_figureground_pulse
D:5:      layout_rooms, nicolae_ossuary_entry_giza, serial_shops, shop

Skill      XL: |  1  2  3  4  5  6 |
---------------+-------------------+-----
Maces & Flails | 4 5 6 7 8 |  8.5
Fighting       | |  3.6
Dodging        | |  2.4
Stealth        | |  1.5

Action                   |  1- 3 |  4- 6 |  7- 9 || total
-------------------------+-------+-------+-------++-------
Melee: Mace              |   120 |   108 |       ||   228
       Punch             |     1 |     1 |       ||     2
       Club              |       |   102 |     8 ||   110
  Use: Scroll            |       |     6 |       ||     6
 Stab: Sleeping          |     4 |       |       ||     4
Armor: Robe              |    11 |       |       ||    11
       Leather armour    |    11 |     6 |     5 ||    22
       Ring mail         |     6 |       |       ||     6
       Scale mail        |     2 |    79 |       ||    81
Dodge: Dodged            |    65 |   116 |     3 ||   184
